 Dungeon Crawl Stone Soup version 0.17.0-57-g0e89251 (webtiles) character file.

46 PossumBlood the Unweaver (level 3, -1/29 HPs)
             Began as a Demonspawn Abyssal Knight on Dec 7, 2015.
             Was a Follower of Lugonu.
             Slain by an orc priest
             ... wielding a +1 trident of piercing
              (8 damage)
             ... on level 3 of the Dungeon.
             The game lasted 00:04:37 (1794 turns).

PossumBlood the Unweaver (DsAK)                     Turns: 1794, Time: 00:04:37

Health: -1/29      AC:  6    Str: 13    XL:     3   Next: 44%
Magic:  5/5        EV:  6    Int: 13    God:    Lugonu [*.....]
Gold:   119        SH: 11    Dex: 12    Spells: 0 memorised, 2 levels left

rFire  . . .     SeeInvis .     a - +1 hand axe
rCold  . . .     Clarity  .     b - +0 leather armour
rNeg   . . .     SustAt   +     g - +0 large shield
rPois  .         Gourm    .     (helmet restricted)
rElec  .         Spirit   .     i - +0 cloak
rCorr  .         Warding  .     (no gloves)
rMut   .         Stasis   .     f - +1 pair of boots
MR     .....                    (no amulet)
Stlth  +.........               (no ring)
                                n - ring of sustain attributes

@: not resistant to hostile enchantments, very unstealthy
A: antennae 1
a: Depart the Abyss, Renounce Religion


You were on level 3 of the Dungeon.
You worshipped Lugonu.
Lugonu was aware of your devotion.
You were not hungry.

You visited 1 branch of the dungeon, and saw 3 of its levels.
You visited the Abyss 1 time.

You collected 119 gold pieces.

Inventory:

Hand Weapons
 a - a +1 hand axe (weapon)
Armour
 b - a +0 leather armour (worn)
 f - a +1 pair of boots (worn)
 g - a +0 large shield (worn)
 i - a +0 cloak (worn)
Jewellery
 n - a ring of sustain attributes (left hand)
Scrolls
 d - 3 scrolls of identify {unknown}
 e - 2 scrolls of teleportation {unknown}
 h - a scroll of fog {unknown}
 j - a scroll of enchant armour {unknown}
 l - a scroll of fear {unknown}
 p - a scroll of immolation {unknown}
 q - a scroll of remove curse {unknown}
 s - a scroll of noise {unknown}
Potions
 k - a potion of might {unknown}
 m - a potion of brilliance {unknown}
 o - 4 potions of curing {unknown}
 r - a potion of ambrosia {unknown}
Comestibles
 c - 2 bread rations
 t - a beef jerky


   Skills:
 + Level 3.2 Fighting
 + Level 2.0 Axes
 + Level 2.0 Armour
 + Level 1.4 Dodging
 + Level 0.4 Stealth
 + Level 1.0 Shields
 + Level 3.3 Invocations


You had 2 spell levels left.
You didn't know any spells.

Dungeon Overview and Level Annotations

Branches:
Dungeon (3/15)

Altars:


Innate Abilities, Weirdness & Mutations

You have a pair of small antennae on your head.


Message History

The gnoll shouts!
The orc hits you with a dagger.
The gnoll moves out of view.
The orc priest calls down the wrath of Beogh upon you.
Something smites you! You block the orc's attack.
You block the orc priest's attack.
You slash the orc!
You kill the orc!
Lugonu accepts your kill.
Your Shields skill increases to level 1!
You block the orc priest's attack.
There are monsters nearby!
You block the orc priest's attack.
The orc priest hits you with a trident of piercing.
* * * LOW HITPOINT WARNING * * *
x2
There is an open door here.
Things that are here:
a dagger; a leather armour; an orc corpse You closely miss the orc priest.
The orc priest hits you with a trident of piercing!
You die... ########## .##......##. ##.## .##..##..... ... ............ gg. ####.####### gog

# #.# #o# # #.# #o# #
#.# #o# # #.########
##@## #
##........###...## #
#...#####.##.....##
##.###.## #.#.......#
##.# #..###..>.......#
...# #...............+
###......##..........#
# ###..#.##.#.....<.##
# #.......##.....##


You could see an orc priest, 4 gnolls and 3 orcs.

Vanquished Creatures
  A worm (D:2)
  5 giant geckos
  An orc (D:3)
  4 goblins
  3 hobgoblins
  A quokka (D:2)
  2 ball pythons
  5 bats
  4 giant cockroaches
  3 giant newts
  6 kobolds
  4 rats (D:1)
39 creatures vanquished.

Vanquished Creatures (others)
  2 draconians (D:1)
  An octopode (D:1)
  2 elves (D:1)
  A troll (D:1)
  A formicid (D:1)
  A spriggan (D:1)
  A naga (D:1)
  2 dwarves (D:1)
  A mummy (D:1)
  6 tentacles (D:1)
  33 tentacle segments (D:1)
51 creatures vanquished.

Grand Total: 90 creatures vanquished

Notes
Turn   | Place    | Note
--------------------------------------------------------------
     0 | Abyss:1  | PossumBlood the Demonspawn Abyssal Knight began the quest for the Orb.
     0 | Abyss:1  | Reached XP level 1. HP: 18/18 MP: 2/2
    51 | Abyss:2  | Noticed a smoke demon
    64 | Abyss:3  | Found a shattered altar of Ashenzari.
    85 | D:1      | Escaped the Abyss
    85 | D:1      | Noticed a dwarf
    85 | D:1      | Noticed a troll
    85 | D:1      | Noticed a draconian
    85 | D:1      | Noticed a naga
    85 | D:1      | Noticed a formicid
    85 | D:1      | Noticed an elf
    85 | D:1      | Noticed a kraken
    85 | D:1      | Noticed a spriggan
    85 | D:1      | Noticed a dwarf
    85 | D:1      | Noticed a draconian
    85 | D:1      | Noticed an octopode
    85 | D:1      | Noticed an elf
    89 | D:1      | Killed an elf
    91 | D:1      | Killed an octopode
    92 | D:1      | Killed a spriggan
    93 | D:1      | Killed a draconian
    96 | D:1      | Killed a formicid
    96 | D:1      | Killed a dwarf
    98 | D:1      | Killed an elf
    98 | D:1      | Killed a naga
    99 | D:1      | Killed a draconian
   100 | D:1      | Killed a dwarf
   101 | D:1      | Killed a troll
   202 | D:1      | Reached * piety under Lugonu
   225 | D:1      | Reached skill level 1 in Dodging
   332 | D:1      | Gained mutation: You have a pair of small antennae on your head. [demonic ancestry]
   332 | D:1      | Reached XP level 2. HP: 18/24 MP: 4/4
  1230 | D:2      | Reached XP level 3. HP: 24/29 MP: 5/5
  1791 | D:3      | Reached skill level 1 in Shields
  1794 | D:3      | Slain by an orc priest

Action                   || total
-------------------------++-------
Melee: Hand axe          ||   131
Invok: Depart the Abyss  ||     1
  Eat: Meat ration       ||     1
